 Dungeon Crawl Stone Soup version 0.27-a0-1136-g0b992a5a9d (webtiles) character file.

Game seed: 1930506813505283647

332 jasper the Changer (level 6, -2/43 HPs)
             Began as a Demonspawn Transmuter on May 4, 2021.
             Slain by an orc
             ... wielding a +0 short sword
              (6 damage)
             ... on level 4 of the Dungeon.
             The game lasted 00:05:39 (3792 turns).

jasper the Changer (Demonspawn Transmuter)          Turns: 3792, Time: 00:05:40

Health: -2/43      AC:  3    Str: 10    XL:     6   Next: 26%
Magic:  9/9        EV: 12    Int: 17    God:
Gold:   137        SH:  0    Dex: 13    Spells: 3/9 levels left

rFire    . . .     SeeInvis .     - Unarmed
rCold    . . .     Faith    .   (no shield)
rNeg     . . .     Spirit   .   a - +0 robe
rPois    .         Reflect  .   (helmet currently unavailable)
rElec    .         Harm     .   (no cloak)
rCorr    .         Rampage  .   e - +0 pair of gloves
Will     .....                  (boots currently unavailable)
Stlth    +.........             (no amulet)
HPRegen  0.14/turn              (no ring)
MPRegen  0.11/turn              (no ring)

@: about to teleport, appendages (expiring), attractive
A: talons 2, horns 2
a: End Transformation


You were on level 4 of the Dungeon.
You had temporarily grown beastly talons.
You visited 1 branch of the dungeon, and saw 4 of its levels.

You collected 137 gold pieces.

Inventory:

Hand Weapons
 d - a +1 dagger of flaming
Missiles
 g - 11 stones
 i - 31 bolts
 j - 3 boomerangs
Armour
 a - a +0 robe (worn)
 e - a +0 pair of gloves (worn)
Scrolls
 h - a scroll of magic mapping
 l - a scroll of identify
Potions
 c - a potion of mutation


   Skills:
 - Level 1.0 Fighting
 - Level 1.7 Dodging
 - Level 2.6 Unarmed Combat
 - Level 2.0 Spellcasting
 + Level 4.9 Transmutations
 + Level 3.7 Poison Magic


You had 3 spell levels left.
You knew the following spells:

 Your Spells              Type           Power      Damage    Failure   Level
a - Beastly Appendage     Tmut           36%        N/A       2%          1
b - Wereblood             Tmut           18%        N/A       3%          2
c - Spider Form           Tmut/Pois      8%         N/A       10%         3

Your spell library contained the following spells:

 Spells                   Type           Power      Damage    Failure   Level
 Ice Form                 Ice/Tmut       10%        N/A       56%         4
 Hydra Form               Tmut           9%         N/A       56%         5


Dungeon Overview and Level Annotations

Branches:
Dungeon (4/15)
 Temple: D:4-7

Altars:
Ashenzari
Elyvilon
Qazlal
Yredelemnul


Innate Abilities, Weirdness & Mutations

You have temporarily grown beastly talons.
You have a pair of horns on your head.


Message History

The phantom is moderately damaged.
The phantom misses you.
The orc hits you from afar with a +0 trident!
You take 7 damage, and have 20/43 hp.
MP restored: 9 You barely miss the phantom.
Your headbutt misses the phantom.
The phantom is moderately damaged.
The phantom barely misses you. The orc barely misses you.
You hit the phantom.
The phantom is heavily damaged.
The phantom barely misses you.
The orc hits you from afar with a +0 trident.
You take 1 damage, and have 20/43 hp.
You closely miss the phantom. You claw the phantom.
You headbutt the phantom, but do no damage.
The phantom is heavily damaged.
The phantom hits you! The orc barely misses you.
You take 7 damage, and have 13/43 hp.
You hit the phantom.
The phantom is heavily damaged.
The phantom closely misses you.
You closely miss the phantom.
The phantom is heavily damaged.
The orc hits you from afar with a +0 trident.
* * * LOW HITPOINT WARNING * * *
The phantom hits you.
* * * LOW HITPOINT WARNING * * *
You take 6 damage, and have 7/43 hp.
It was a potion of attraction.
You feel attractive to monsters.
Your transformation is almost over.
The phantom closely misses you. The orc is pulled toward you! x3
It was a potion of curing.
You feel better.
The orc hits you from afar with a +0 trident!
* * * LOW HITPOINT WARNING * * *
The phantom closely misses you.
As you read the scroll of teleportation, it crumbles to dust.
You feel strangely unstable. The orc closely misses you. The phantom hits you.
* * * LOW HITPOINT WARNING * * *
The phantom blinks!
You blink.
The orc hits you with a +0 short sword.
You die...

#.##.#
#..######
#.##.#
#(.......
#....#
#§#######
#.##.# #§#
##.##.# #o#
...##.# #o#
#####.# #o# #
#.# #o###.##.#
# #.#
#o@......# #
#..
......W......##
##
##########.#.#
.## # #.##.#
##.#.# #.##.#
.###.# ## #.#


You could see a phantom and 5 orcs.

Vanquished Creatures
  An ogre (D:4)
  A necrophage (D:4)
  An orc priest (D:4)
  An iguana (D:4)
  An orc wizard (D:4)
  2 adders
  3 dart slugs
  5 orcs
  2 ball pythons (D:3)
  6 bats
  5 endoplasms
  3 giant cockroaches
  6 hobgoblins
  3 jackals (D:3)
  A frilled lizard (D:2)
  A goblin (D:2)
  4 kobolds
  2 rats
48 creatures vanquished.

Notes
Turn   | Place    | Note
-------+----------+-------------------------------------------
     0 | D:1      | jasper the Demonspawn Transmuter began the quest for the
                  | Orb.
     0 | D:1      | Reached XP level 1. HP: 15/15 MP: 3/3
   395 | D:1      | Reached skill level 2 in Transmutations
   697 | D:1      | You fall into a shaft and drop 1 floor!
   703 | D:2      | Mutation became permanent: You have a pair of small horns
                  | on your head. [demonic ancestry]
   703 | D:2      | Gained mutation: You have a pair of horns on your head.
                  | [demonic ancestry]
   703 | D:2      | Reached XP level 2. HP: 21/21 MP: 3/5
  1149 | D:2      | Reached skill level 3 in Transmutations
  1239 | D:2      | Learned a level 2 spell: Wereblood
  1250 | D:2      | Reached XP level 3. HP: 12/26 MP: 4/6
  1254 | D:2      | Learned a level 3 spell: Spider Form
  2483 | D:3      | Found a stormy altar of Qazlal.
  2484 | D:3      | Found a basalt altar of Yredelemnul.
  2485 | D:3      | Found a broken altar of Ashenzari.
  2495 | D:3      | Reached skill level 1 in Poison Magic
  2791 | D:3      | Noticed a bullfrog
  3045 | D:4      | Noticed a necrophage
  3082 | D:4      | Killed a necrophage
  3083 | D:4      | Reached skill level 4 in Transmutations
  3083 | D:4      | Reached XP level 4. HP: 13/32 MP: 5/7
  3083 | D:4      | Reached XP level 5. HP: 15/37 MP: 5/8
  3598 | D:4      | Noticed an ogre
  3621 | D:4      | Killed an ogre
  3622 | D:4      | Gained mutation: You have a pair of horns on your head.
                  | [demonic ancestry]
  3622 | D:4      | Reached XP level 6. HP: 43/43 MP: 7/9
  3792 | D:4      | Slain by an orc

Illustrated notes

Levels and vault maps discovered:
D:1:      scummos_arrival_forest, layout_loops_corners,
          shapermc_ecumenical_altar_venn
D:2:      layout_loops_ring, basic_altar, minmay_misc_feat_four_crosses,
          grunt_ministairs_11
D:3:      layout_rooms, chequers_temple_overflow_statue_of_worship,
          saegor_snake_ambush
D:4:      layout_loops_ring

Skill      XL: |  1  2  3  4  5 |
---------------+----------------+-----
Transmutations | 2 3 4 |  4.9
Poison Magic   | 2 3 |  3.7
Fighting       | |  1.0
Dodging        | |  1.7
Unarmed Combat | |  2.6
Spellcasting   | |  2.0

Action                   |  1- 3 |  4- 6 || total
-------------------------+-------+-------++-------
Melee: Unarmed           |   132 |    33 ||   165
       Headbutt          |    15 |     2 ||    17
       Kick              |    22 |     3 ||    25
       Punch             |     2 |       ||     2
 Cast: Beastly Appendage |    32 |     3 ||    35
       Wereblood         |     2 |       ||     2
       Spider Form       |       |     3 ||     3
  Use: Scroll            |     6 |     1 ||     7
       Potion            |     2 |     2 ||     4
Armor: Robe              |    30 |     1 ||    31
       Skin              |       |     1 ||     1
Dodge: Dodged            |    96 |    29 ||   125

Table legend: (Time is in decaauts)
 A = Elapsed time spent in this place.
 B = Non-inter-level travel time spent in this place.
 C = Inter-level travel time spent in this place.
 D = Time resting spent in this place.
 E = Time spent auto-exploring this place.
 F = Levels seen in this place.
 G = Mean time per level.
                   A        B        C        D        E       F      G
               +--------+--------+--------+--------+--------+-----+--------+
         Total |   3794 |   3728 |     66 |    575 |   2622 |   4 |  948.5 |
       Dungeon |   3794 |   3728 |     66 |    575 |   2622 |   4 |  948.5 |
               +--------+--------+--------+--------+--------+-----+--------+

Top non-repeatable levels by time:
     D:2: 1217 daAuts
     D:3: 1035 daAuts
     D:4: 844 daAuts
     D:1: 696 daAuts
